 Dungeon Crawl Stone Soup version 0.27-a0-1334-g2746e35aca (webtiles) character file.

Game seed: 14021017024825585442

3355 Sabo the Blocker (level 10, -1/60 HPs)
             Began as a Gargoyle Fighter on June 26, 2021.
             Was an Elder of Nemelex Xobeh.
             Slain by a wight (2 damage)
             ... on level 7 of the Dungeon.
             The game lasted 00:37:25 (9268 turns).

Sabo the Blocker (Gargoyle Fighter)                 Turns: 9268, Time: 00:37:29

Health: -1/60      AC: 24    Str: 20    XL:     10   Next: 3%
Magic:  10/10      EV:  5    Int: 10    God:    Nemelex Xobeh [****..]
Gold:   328        SH: 11    Dex: 14    Spells: 9/9 levels left

rFire    . . .     SeeInvis .   F - +10 whip of Ottauc {drain, *Corrode rPois Will++ Dex+3}
rCold    . . .     Faith    .   c - +0 kite shield
rNeg     + . .     Spirit   .   y - +0 plate armour
rPois    ∞         Reflect  .   p - +1 helmet
rElec    +         Harm     .   (no cloak)
rCorr    .         Rampage  .   t - +0 pair of gloves
Will     ++...                  (no boots)
Stlth    ..........             f - amulet of magic regeneration
HPRegen  0.20/turn              (no ring)
MPRegen  0.37/turn              (no ring)

@: no status effects
A: sickness immunity, AC +7, negative energy resistance 1, electricity
resistance, torment resistance 1, petrification resistance
a: Renounce Religion, Draw Escape, Draw Destruction, Draw Summoning, Triple
Draw, Deal Four


You were on level 7 of the Dungeon.
You worshipped Nemelex Xobeh.
Nemelex Xobeh was greatly pleased with you.
You visited 1 branch of the dungeon, and saw 8 of its levels.

You collected 328 gold pieces.

Inventory:

Hand Weapons
 b - a +1 vorpal war axe
 e - a +2 long sword
 g - a +0 hunting sling
 q - a +3 vorpal hand axe
 u - a +0 flail of protection
 A - a +0 hand axe of flaming
 E - a +0 shortbow
 F - the +10 whip of Ottauc (weapon) {drain, *Corrode rPois Will++ Dex+3}
   (You found it on level 6 of the Dungeon)

   A truly terrible weapon, it drains the life of those it strikes.
   It affects your dexterity (+3).
   It protects you from poison.
   It may corrode you when you take damage.
   It greatly increases your willpower.
Missiles
 h - 80 arrows
 s - 74 sling bullets
 v - 16 poisoned darts
 B - 3 boomerangs (quivered)
 C - 56 bolts
Armour
 c - a +0 kite shield (worn)
 p - a +1 helmet (worn)
 t - a +0 pair of gloves (worn)
 y - a +0 plate armour (worn)
Jewellery
 f - an amulet of magic regeneration (around neck)
Wands
 a - a wand of paralysis (8)
 r - a wand of acid (9)
 D - a wand of digging (5)
Scrolls
 l - 4 scrolls of teleportation
 n - 2 scrolls of fog
 G - a scroll of blinking
 H - 2 scrolls of enchant armour {unknown}
 I - a scroll of acquirement {unknown}
 J - a scroll of identify
Potions
 d - a potion of might
 i - 2 potions of invisibility
 j - 3 potions of curing
 k - 3 potions of flight {unknown}
 m - a potion of mutation {unknown}
 o - 2 potions of heal wounds {unknown}
 w - a potion of cancellation {unknown}
 x - 2 potions of brilliance {unknown}
 z - a potion of resistance {unknown}


   Skills:
 + Level 6.0 Fighting
 + Level 6.8(7.3) Axes
 + Level 4.2(6.4) Maces & Flails
 + Level 7.7 Armour
 + Level 2.0 Dodging
 + Level 2.2 Stealth
 + Level 8.1 Shields


You had 9 spell levels left.
You didn't know any spells.
Your spell library contained the following spells:

 Spells                   Type           Power      Damage    Failure   Level
 Magic Dart               Conj           0%         1d3       100%        1
 Blink                    Tloc           N/A        N/A       100%        2
 Call Imp                 Summ           0%         N/A       100%        2
 Slow                     Hex            0%         N/A       100%        2
 Conjure Flame            Conj/Fire      0%         6-21      100%        3
 Mephitic Cloud           Conj/Pois/Air  0%         N/A       100%        3


Dungeon Overview and Level Annotations

Branches:
Dungeon (8/15)             Temple (0/1) D:5
   Lair: D:8-11

Altars:
Ashenzari
Nemelex Xobeh
Ru
Sif Muna
Yredelemnul
Zin

Shops:
D:7 :


Innate Abilities, Weirdness & Mutations

You are immune to sickness and miasma.
Your stone body is resilient. (AC +7)
You are immune to poison.
You resist negative energy. (rN+)
You are resistant to electric shocks. (rElec)
You are resistant to unholy torment.
You are immune to petrification.


Message History

* * * LOW HITPOINT WARNING * * *
You hit the purple ugly thing.
The purple ugly thing is moderately wounded.
You block the troll's attack.
The troll claws you but does no damage. x2
The purple ugly thing claws you but does no damage.
You hit the purple ugly thing but do no damage.
The purple ugly thing is moderately wounded.
A wight comes into view.
It is wielding a +4 halberd of freezing.
The troll bites you but does no damage. The troll claws you.
* * * LOW HITPOINT WARNING * * *
The troll barely misses you.
You whack the purple ugly thing!
The purple ugly thing is heavily wounded.
The purple ugly thing claws you.
* * * LOW HITPOINT WARNING * * *
You block the troll's attack.
The troll claws you but does no damage. x2
You barely miss the purple ugly thing.
The purple ugly thing is heavily wounded.
The purple ugly thing claws you but does no damage.
You whack the purple ugly thing!
The purple ugly thing is severely wounded.
The purple ugly thing barely misses you.
You hit the purple ugly thing.
The purple ugly thing is severely wounded.
The purple ugly thing claws you.
* * * LOW HITPOINT WARNING * * *
You hit the purple ugly thing but do no damage.
The purple ugly thing is severely wounded.
You are no longer corroded.
You block the purple ugly thing's attack.
You hit the purple ugly thing.
The purple ugly thing is almost dead.
The purple ugly thing claws you but does no damage.
You draw a card...
You have drawn the Rangers.
The deck of cards disappears without a trace.
The wight hits you from afar with a +4 halberd of freezing.
* * * LOW HITPOINT WARNING * * *
The wight freezes you.
You die...
Your body glows slightly and disappears.

#####.######...P# ####.#. #.#
##..## #....#. #.# ##...P##
#.####. ##.#####......# #.# #.
##.#.#.........# #.# #.
##.###..##.PPP..# #.####. #.##
##.###.##zT##########......
##.###..#######u#...............
##.#.#........@..#####.##.#####
##.##..###...c...........#
########..###.N..........####
...............#.#########
.........#######.# ########.#
#.# # #.#######.# # #[........#
# ###########


You could see a purple ugly thing (drained, ally target), a troll, a wight, a
friendly naga sharpshooter (summoned) and a friendly yaktaur (summoned).

Vanquished Creatures
  A hydra (D:7)
  Prince Ribbit (D:6)
  3 yaks (D:4)
  An acid dragon (D:8)
  3 water moccasins
  An ice beast (D:7)
  A necrophage (D:8)
  An orc warrior (D:6)
  3 ogres
  A centaur (D:7)
  A phantom (D:4)
  A scorpion (D:6)
  A water moccasin skeleton (D:5)
  3 killer bees (D:7)
  A wight (D:8)
  4 hounds
  2 orc priests
  A bullfrog skeleton (D:6)
  3 iguanas
  A hound skeleton (D:4)
  A howler monkey skeleton (D:6)
  12 adders
  A shadow imp (D:6)
  An ufetubus (D:4)
  An adder skeleton (D:5)
  5 worms
  4 dart slugs
  13 orcs
  7 ball pythons
  10 endoplasms
  8 goblins
  6 hobgoblins
  11 jackals
  3 quokkas
  5 bats
  7 frilled lizards
  5 kobolds
  9 rats
143 creatures vanquished.

Vanquished Creatures (collateral kills)
  2 yaks (D:4)
  3 wights (D:8)
  A hound skeleton (D:4)
  2 endoplasms
8 creatures vanquished.

Vanquished Creatures (others)
  10 plants (D:7)
  5 toadstools (D:1)
15 creatures vanquished.

Grand Total: 166 creatures vanquished

Notes
Turn   | Place    | Note
-------+----------+-------------------------------------------
     0 | D:1      | Sabo the Gargoyle Fighter began the quest for the Orb.
     0 | D:1      | Reached XP level 1. HP: 14/14 MP: 1/1
   212 | D:1      | Found a faded altar of an unknown god.
   242 | D:1      | Became a worshipper of Nemelex Xobeh the Trickster
   242 | D:1      | Reached * piety under Nemelex Xobeh
   350 | D:1      | Received a gift from Nemelex Xobeh
   358 | D:1      | Reached XP level 2. HP: 16/19 MP: 2/2
   876 | D:1      | Reached XP level 3. HP: 10/23 MP: 3/3
  2005 | D:2      | Found a shimmering blue altar of Sif Muna.
  2158 | D:2      | Reached skill level 4 in Shields
  2211 | D:2      | Reached XP level 4. HP: 18/29 MP: 4/4
  3358 | D:3      | Found a broken altar of Ashenzari.
  3840 | D:3      | Reached ** piety under Nemelex Xobeh
  4093 | D:3      | Reached XP level 5. HP: 33/33 MP: 5/5
  4672 | D:4      | Noticed a phantom
  4700 | D:4      | Killed a phantom
  4701 | D:4      | Reached skill level 1 in Dodging
  4701 | D:4      | Reached XP level 6. HP: 21/38 MP: 6/6
  4887 | D:4      | Reached skill level 1 in Axes
  4966 | D:4      | Noticed a yak
  4967 | D:4      | Noticed a yak
  4967 | D:4      | Noticed a yak
  4968 | D:4      | Noticed a yak
  4978 | D:4      | Noticed a yak
  4989 | D:4      | Killed a yak
  4990 | D:4      | Reached skill level 5 in Shields
  4990 | D:4      | Reached XP level 7. HP: 30/44 MP: 7/7
  4998 | D:4      | Killed a yak
  5004 | D:4      | Killed a yak
  5006 | D:4      | Killed a yak
  5007 | D:4      | Reached skill level 5 in Armour
  5019 | D:4      | Killed a yak
  5020 | D:4      | Reached skill level 5 in Fighting
  5020 | D:4      | Reached XP level 8. HP: 8/49 MP: 8/8
  5298 | D:4      | Found a basalt altar of Yredelemnul.
  5298 | D:4      | Found a glowing silver altar of Zin.
  5508 | D:5      | Entered Level 5 of the Dungeon
  5536 | D:5      | Reached skill level 1 in Stealth
  5586 | D:5      | Found a staircase to the Ecumenical Temple.
  5903 | D:5      | Reached *** piety under Nemelex Xobeh
  6602 | D:5      | Reached skill level 6 in Shields
  6797 | D:6      | Noticed Prince Ribbit
  6826 | D:6      | Killed Prince Ribbit
  6827 | D:6      | Reached skill level 5 in Axes
  7365 | D:6      | Reached XP level 9. HP: 52/54 MP: 9/9
  7412 | D:6      | Found a sparkling altar of Nemelex Xobeh.
  7494 | D:6      | Found a sacrificial altar of Ru.
  7926 | D:6      | Received a gift from Nemelex Xobeh
  7931 | D:6      | You fall into a shaft and drop 2 floors!
  7967 | D:8      | Reached skill level 7 in Shields
  8147 | D:7      | Found Nidik's Book Shoppe.
  8549 | D:6      | Identified the +10 whip of Ottauc {drain, *Corrode rPois
                  | Will++ Dex+3}
  8562 | D:6      | Reached **** piety under Nemelex Xobeh
  9237 | D:7      | Found the +2 robe of Vines {NoPotionHeal Regen+++}
  9237 | D:7      | Noticed a seven-headed hydra
  9239 | D:7      | Noticed a purple ugly thing
  9247 | D:7      | Noticed a troll
  9249 | D:7      | Killed a seven-headed hydra
  9250 | D:7      | Reached skill level 8 in Shields
  9250 | D:7      | Reached XP level 10. HP: 56/60 MP: 10/10
  9268 | D:7      | HP: 1/60 [wight (4)]
  9268 | D:7      | Slain by a wight

Illustrated notes

Levels and vault maps discovered:
D:1:      ldierk_walled_garden, layout_basic,
          hellmonk_ecumenical_altar_pennies_from_heaven,
          chequers_serial_rivers_large_a
D:2:      layout_basic, basic_altar, minmay_unequal
D:3:      layout_basic, ashenzari_conservatory_becter
D:4:      layout_gridville, gammafunk_temple_overflow_elements
D:5:      layout_loops_cross, minmay_temple_entry_glassed_door
D:6:      layout_gridville, nemelex_dance_club_becter,
          nicolae_ru_great_annihilating_truth, minivault_25, uniq_prince_ribbit1
D:7:      layout_loops_ring, serial_shops, nicolae_stop_n_shop_2,
          hellmonk_guarded_unrand_vines
D:8:      layout_rooms, serial_corexii_hall, chequers_hall_statues_y,
          corexii_hall_statues_u, corexii_hall_statues_l,
          chequers_hall_statues_corner_a

Skill      XL: |  1  2  3  4  5  6  7  8  9 |
---------------+----------------------------+-----
Shields        | 4 5 6 8 |  8.1
Maces & Flails | 3 4 |  4.2
Fighting       | 4 5 6 |  6.0
Armour         | 4 5 6 7 |  7.7
Dodging        | 1 2 |  2.0
Axes           | 2 3 5 6 |  6.8
Stealth        | 1 2 |  2.2

Action                   |  1- 3 |  4- 6 |  7- 9 | 10-12 || total
-------------------------+-------+-------+-------+-------++-------
Melee: Flail             |   115 |   157 |       |       ||   272
       Hand axe          |       |    57 |   237 |       ||   294
       Whip              |       |       |    27 |    17 ||    44
Invok: Draw Summoning    |     1 |       |     3 |     1 ||     5
       Draw Destruction  |       |       |     2 |       ||     2
  Use: Scroll            |       |     2 |     8 |       ||    10
       Potion            |       |       |     1 |       ||     1
 Stab: Distracted        |       |       |     1 |       ||     1
       Paralysed         |       |       |     1 |       ||     1
Armor: Scale mail        |    92 |   124 |    49 |       ||   265
       Plate armour      |       |       |    63 |    13 ||    76
       Chain mail        |       |       |     8 |       ||     8
Dodge: Dodged            |    63 |    52 |    53 |     4 ||   172
Block: Kite shield       |    90 |   126 |   154 |    12 ||   382

Table legend: (Time is in decaauts)
 A = Elapsed time spent in this place.
 B = Non-inter-level travel time spent in this place.
 C = Inter-level travel time spent in this place.
 D = Time resting spent in this place.
 E = Time spent auto-exploring this place.
 F = Levels seen in this place.
 G = Mean time per level.
                   A        B        C        D        E       F      G
               +--------+--------+--------+--------+--------+-----+--------+
         Total |   9501 |   9501 |      0 |   3023 |      0 |   8 | 1187.6 |
       Dungeon |   9501 |   9501 |      0 |   3023 |      0 |   8 | 1187.6 |
               +--------+--------+--------+--------+--------+-----+--------+

Top non-repeatable levels by time:
     D:1: 1969 daAuts
     D:6: 1717 daAuts
     D:2: 1366 daAuts
     D:4: 1355 daAuts
     D:5: 1264 daAuts
     D:3: 1007 daAuts
     D:7: 599 daAuts
     D:8: 220 daAuts
